 Dungeon Crawl Stone Soup version 0.18-a0-1197-g8004e50 (console) character file.

27975 sorlin the Thaumaturge (level 13, -7/109 HPs)
             Began as a Naga Wizard on Jan 30, 2016.
             Was a Follower of Cheibriados.
             Mangled by a four-headed hydra (10 damage)
             ... on level 4 of the Lair of Beasts.
             The game lasted 02:47:13 (29104 turns).

sorlin the Thaumaturge (Naga Wizard)               Turns: 29104, Time: 02:47:13

Health: -7/109     AC: 15    Str: 11    XL:     13   Next: 35%
Magic:  9/29       EV: 11    Int: 26    God:    Cheibriados [*.....]
Gold:   1809       SH:  0    Dex: 12    Spells: 11 memorised, 6 levels left

rFire  . . .     SeeInvis +     a - +2 dagger (venom)
rCold  + . .     Gourm    .     k - +0 robe
rNeg   . . .     Faith    .     (no shield)
rPois  +         Spirit   .     B - +0 helmet
rElec  .         Dismiss  +     H - +0 cloak
rCorr  .         Reflect  .     e - +2 pair of gloves {archery}
SustAt .         Harm     .     r - +1 naga barding {Stlth+}
MR     +....                    t - amulet of dismissal
Stlth  ++++......               Y - ring of wizardry
                                S - ring "Kaumuk" {rC+ Slay+6}

@: short of breath, repel missiles, very slow, somewhat resistant to hostile
enchantments, stealthy
A: see invisible, deformed body, poison resistance, slowness 2, slow metabolism
1, spit poison 3, constrict 1, AC +4
a: Breathe Poison Gas, Bend Time, Renounce Religion


You were on level 4 of the Lair of Beasts.
You worshipped Cheibriados.
Cheibriados was aware of your devotion.
You were not hungry.

You visited 3 branches of the dungeon, and saw 15 of its levels.

You collected 4479 gold pieces.
You spent 1311 gold pieces at shops.
You paid 1359 gold pieces to Gozag.

Inventory:

Hand Weapons
 a - a +2 dagger of venom (weapon)
 b - a +0 hunting sling
 y - a +0 blowgun
Missiles
 h - 111 sling bullets
 z - 10 curare-tipped needles
 A - 24 poisoned needles
 V - 16 sling bullets of frost
Armour
 e - a +2 pair of gloves of archery (worn)
 k - a +0 robe (worn)
 r - a +1 naga barding of stealth (worn)
 B - a +0 helmet (worn)
 H - a +0 cloak (worn)
Magical Staves
 L - an uncursed staff of death
Jewellery
 i - an uncursed ring of ice
 t - an amulet of dismissal (around neck)
 S - the ring "Kaumuk" (left hand) {rC+ Slay+6}
   (You found it on level 3 of the Lair of Beasts)

   [ring of protection from cold]

   It affects your accuracy and damage with ranged weapons and melee attacks
   (+6).
   It protects you from cold.
 Y - a ring of wizardry (right hand)
Wands
 u - a wand of enslavement (8/24)
 x - a wand of confusion (25/48)
 D - a wand of digging (7/24)
 E - a wand of confusion (25/48)
 J - a wand of fireball (2/15)
 N - a wand of fireball (6/15)
 Q - a wand of paralysis (15/24)
Scrolls
 f - a scroll of enchant weapon {unknown}
 g - a scroll of magic mapping
 l - 7 scrolls of remove curse
 o - 3 scrolls of identify
 p - a scroll of enchant armour {unknown}
 v - 2 scrolls of recharging
 w - a scroll of fog {unknown}
 I - a scroll of immolation {unknown}
 O - a scroll of fear {unknown}
 P - 2 scrolls of amnesia {unknown}
 R - a scroll of brand weapon {unknown}
 T - a scroll of torment {unknown}
 U - a scroll of vulnerability {unknown}
Potions
 d - 2 potions of flight
 q - a potion of agility
 C - a potion of brilliance
 W - 2 potions of curing
Books
 c - a book of Minor Magic

   Spells                             Type                      Level
   a - Magic Dart                     Conjuration                  1
   b - Blink                          Translocation                2
   c - Call Imp                       Summoning                    2
   d - Repel Missiles                 Charms/Air                   2
   e - Slow                           Hexes                        2
   f - Conjure Flame                  Conjuration/Fire             3
   g - Mephitic Cloud                 Conjuration/Poison/Air       3
 m - a Young Poisoner's Handbook

   Spells                             Type                      Level
   a - Sting                          Conjuration/Poison           1
   b - Cure Poison                    Poison                       2
   c - Mephitic Cloud                 Conjuration/Poison/Air       3
   d - Olgreb's Toxic Radiance        Poison                       4
   e - Venom Bolt                     Conjuration/Poison           5
 K - the Disquisition on Hurtful Weightlessness
   (You bought it in a shop on level 1 of the Lair of Beasts)

   Spells                             Type                      Level
   a - Shock                          Conjuration/Air              1
   b - Swiftness                      Charms/Air                   2
   c - Summon Lightning Spire         Summoning/Air                4
   d - Bolt of Fire                   Conjuration/Fire             6
   e - Poisonous Cloud                Conjuration/Poison/Air       6
Comestibles
 j - a meat ration
 n - a bread ration


   Skills:
 - Level 5.0 Fighting
 + Level 8.4 Dodging
 - Level 4.0 Stealth
 + Level 12.9 Spellcasting
 - Level 12.0 Conjurations
 - Level 1.0 Summonings
   Level 1.0 Translocations
 - Level 3.0 Fire Magic
 - Level 3.0 Air Magic
 - Level 5.1 Poison Magic
 + Level 0.4 Invocations


You had 6 spell levels left.
You knew the following spells:

 Your Spells              Type           Power        Failure   Level  Hunger
a - Magic Dart            Conj           ####         1%          1    None
b - Call Imp              Summ           ###.....     1%          2    None
c - Conjure Flame         Conj/Fire      ######..     1%          3    None
d - Mephitic Cloud        Conj/Pois/Air  ######..     1%          3    None
e - Slow                  Hex            ###.....     2%          2    None
f - Bolt of Fire          Conj/Fire      ######....   12%         6    #####..
h - Swiftness             Chrm/Air       ###.....     1%          2    None
l - Summon Lightning Spi  Summ/Air       ####....     7%          4    None
r - Repel Missiles        Chrm/Air       ###...       1%          2    None
s - Sting                 Conj/Pois      ####         1%          1    None
v - Venom Bolt            Conj/Pois      ######....   1%          5    ###....


Dungeon Overview and Level Annotations

Branches:
Dungeon (10/15)            Temple (1/1) D:5            Lair (4/8) D:9
 Shoals (0/4) Lair:4
  Snake: Lair:3-6    Spider: Lair:3-6       Orc: D:9-12

Altars:
Ashenzari
Cheibriados
Dithmenos
Elyvilon
Fedhas
Gozag
Kikubaaqudgha
Makhleb
Nemelex Xobeh
Okawaru
Pakellas
Qazlal
Ru
Sif Muna
Trog
Vehumet
Xom
Yredelemnul
Zin
The Shining One

Shops:
D:7 }   Lair:1 :

Annotations:
D:4 Blork the orc


Innate Abilities, Weirdness & Mutations

You cannot wear boots.
Your serpentine skin is tough (AC +4).
You have supernaturally acute eyesight.
Armour fits poorly on your strangely shaped body.
Your system is resistant to poisons.
You cover ground very slowly.
You have a slow metabolism.
You can exhale a cloud of poison.
You can use your snake-like lower body to constrict enemies.


Message History

Press: ? - help, Shift-Dir - straight line, f - four-headed hydra
Aim: a four-headed hydra (noxious fumes, severely wounded)
Okay, then.
Unknown command.
Read which item? (? for menu, Esc to quit)
Okay, then.
Unknown command.
Drink which item? (? for menu, Esc to quit)
Okay, then.
Unknown command.
Casting: Bolt of Fire
Confirm with . or Enter, or press ? or * to list all spells.
Aiming: Bolt of Fire
Press: ? - help, Shift-Dir - straight line, f - four-headed hydra
Aim: a four-headed hydra (noxious fumes, severely wounded)
The bolt of fire misses the four-headed hydra.
Your crimson imp hits the four-headed hydra.
The four-headed hydra closely misses you.
The four-headed hydra bites you!
You die...

......... #...# ##....♣.♣....
........####P.## #...P...P...
.................# #...........
................## ###.........
................P# #.#........
.............#P### ####.......
............#### #..#.....
......P##.#5# ##.##.....
.......#.#..# ##.#.......
........#...###########..........
...............#@#.#.#......<....
...............§D5...............
............>....................
.........................##......
..................#..#...##......
.................................
.................................
.................................
.................................
.................................
.................................


You could see a four-headed hydra and a friendly crimson imp.

Vanquished Creatures
  A hydra (Lair:3)
  A queen ant (Lair:1)
  Sonja (Lair:2)
  A hill giant (D:9)
  5 elephants (Lair:2)
  3 black mambas
  6 spiny frogs
  A gargoyle (D:10)
  2 komodo dragons (Lair:3)
  2 two-headed ogres
  Prince Ribbit (D:9)
  A vampire (D:9)
  A wyvern (D:9)
  5 basilisks
  30 yaks
  Eustachio (D:5)
  4 centaurs
  4 hippogriffs
  12 wolves
  20 soldier ants (Lair:1)
  11 water moccasins
  13 porcupines
  An orc warrior (D:5)
  5 ice beasts
  3 phantoms
  A necrophage (D:8)
  3 ogres
  11 crocodiles
  9 big kobolds
  13 giant frogs
  2 scorpions
  10 killer bees
  6 wights
  5 crimson imps
  A quasit (D:6)
  8 hounds
  2 centaur skeletons
  2 orc priests
  3 jellies
  7 orc wizards
  Jessica (D:3)
  A giant frog skeleton (D:6)
  11 iguanas
  32 worker ants
  24 sheep
  Robin (D:4)
  9 gnolls
  12 adders
  69 river rats
  An ooze (D:1)
  An adder skeleton (D:6)
  4 worms
  A giant gecko (D:1)
  24 orcs
  3 giant cockroaches
  11 goblins
  11 hobgoblins
  35 jackals
  34 kobolds
  2 quokkas
  3 ball pythons
  8 bats
  9 giant newts
  A quokka skeleton (D:9)
  3 rats
  A fungus (Lair:1)
  2 plants (Lair:2)
532 creatures vanquished.

Vanquished Creatures (collateral kills)
  A komodo dragon (Lair:2)
  Sigmund (D:5)
  A porcupine (D:9)
  A water moccasin (Lair:2)
  An ogre (D:9)
  3 big kobolds (D:8)
  A killer bee (D:7)
  A wight (D:9)
  A jelly (D:4)
  A hound (D:4)
  An orc wizard (D:5)
  2 sheep (D:9)
  A gnoll (D:4)
  3 goblins (D:4)
  3 hobgoblins (D:4)
  2 jackals (D:5)
  A giant newt (D:4)
  3 kobolds
28 creatures vanquished.

Vanquished Creatures (others)
  A porcupine (D:9)
  An ice beast (D:9)
  A killer bee (D:7)
  A bush (Lair:1)
  36 fungi
  11 plants
51 creatures vanquished.

Grand Total: 611 creatures vanquished

Notes
Turn   | Place    | Note
--------------------------------------------------------------
     0 | D:1      | sorlin the Naga Wizard began the quest for the Orb.
     0 | D:1      | Reached XP level 1. HP: 15/15 MP: 4/4
   264 | D:1      | Reached XP level 2. HP: 11/22 MP: 3/6
   599 | D:1      | Reached XP level 3. HP: 15/28 MP: 3/7
  1258 | D:2      | Found a faded altar to an unknown god.
  1263 | D:2      | Became a worshipper of Gozag Ym Sagoz the Greedy
  1296 | D:2      | Learned a level 2 spell: Call Imp
  1300 | D:2      | Learned a level 3 spell: Mephitic Cloud
  1406 | D:2      | Reached XP level 4. HP: 36/36 MP: 4/8
  1436 | D:2      | Found a basalt altar of Yredelemnul.
  1571 | D:2      | Found a shadowy altar of Dithmenos.
  1836 | D:3      | Noticed Jessica
  1842 | D:3      | Killed Jessica
  1842 | D:3      | Reached XP level 5. HP: 42/42 MP: 5/10
  1850 | D:3      | Learned a level 3 spell: Conjure Flame
  1934 | D:3      | Reached skill level 4 in Conjurations
  2913 | D:4      | Reached XP level 6. HP: 49/49 MP: 9/12
  2967 | D:4      | Reached skill level 1 in Poison Magic
  3122 | D:4      | Reached skill level 1 in Fire Magic
  3122 | D:4      | Reached skill level 1 in Air Magic
  3550 | D:4      | Reached skill level 5 in Spellcasting
  3618 | D:4      | Noticed Robin
  3645 | D:4      | Killed Robin
  3807 | D:4      | Noticed Blork the orc
  3870 | D:4      | Reached XP level 7. HP: 55/55 MP: 7/14
  3995 | D:4      | Learned a level 1 spell: Sting
  4894 | D:4      | Reached skill level 6 in Spellcasting
  5023 | D:5      | Entered Level 5 of the Dungeon
  5041 | D:5      | Noticed Sigmund
  5102 | D:5      | Noticed Eustachio
  5263 | D:4      | Reached XP level 8. HP: 32/62 MP: 12/17
  5550 | D:5      | Found a staircase to the Ecumenical Temple.
  6168 | D:6      | Learned a level 2 spell: Slow
  6270 | D:5      | Reached skill level 7 in Spellcasting
  6885 | D:6      | Learned a level 5 spell: Venom Bolt
  6939 | D:6      | Reached XP level 9. HP: 63/68 MP: 6/20
  7197 | D:6      | Found an opulent altar of Gozag.
  7565 | D:6      | Reached skill level 8 in Spellcasting
  7736 | D:6      | Found a deep blue altar of Sif Muna.
  7738 | D:6      | Found a glowing silver altar of Zin.
  7744 | D:6      | Found a bloodstained altar of Trog.
  7747 | D:6      | Found a white marble altar of Elyvilon.
  7766 | D:6      | Found an ancient bone altar of Kikubaaqudgha.
  8132 | D:5      | Killed Sigmund
  8145 | D:5      | Killed Eustachio
  8145 | D:5      | Reached skill level 5 in Dodging
  8309 | D:7      | Found an oddly glowing altar of Pakellas.
  8309 | D:7      | Found Pakellas's Prime Provisions.
  8314 | D:7      | Bought a wand of confusion (15/48) for 381 gold pieces
  8508 | D:7      | Reached skill level 1 in Fighting
  9054 | D:7      | Reached skill level 9 in Spellcasting
  9515 | D:8      | Noticed a two-headed ogre
  9545 | D:8      | Killed a two-headed ogre
  9545 | D:8      | Reached skill level 5 in Conjurations
  9545 | D:8      | Reached XP level 10. HP: 86/86 MP: 18/23
  9573 | D:8      | Learned a level 2 spell: Repel Missiles
 10276 | D:8      | Reached skill level 5 in Fighting
 11222 | D:9      | Got an ancient long sword
 11223 | D:9      | Identified the +1 long sword of the Vestibule of Hell {flame, Str+2} (You found it on level 9 of the Dungeon)
 11666 | D:9      | Reached skill level 10 in Spellcasting
 11864 | D:9      | Found a staircase to the Lair.
 11889 | D:9      | Noticed Prince Ribbit
 11903 | D:9      | Killed Prince Ribbit
 12142 | D:9      | Noticed a hill giant
 12272 | D:9      | Reached XP level 11. HP: 94/94 MP: 0/25
 12452 | D:9      | Found a sacrificial altar of Ru.
 12598 | D:9      | Killed a hill giant
 12598 | D:9      | Reached skill level 5 in Poison Magic
 13053 | D:10     | Entered Level 10 of the Dungeon
 13061 | D:10     | Gained mutation: You can exhale a cloud of poison. [potion of beneficial mutation]
 13479 | Lair:1   | Entered Level 1 of the Lair of Beasts
 14065 | Lair:1   | Noticed a queen ant
 14084 | Lair:1   | Killed a queen ant
 14312 | Lair:1   | Bought the Disquisition on Hurtful Weightlessness for 930 gold pieces
 14315 | Lair:1   | Learned a level 2 spell: Swiftness
 14878 | Lair:1   | Reached skill level 11 in Spellcasting
 15565 | Lair:1   | Reached skill level 10 in Conjurations
 16312 | Lair:1   | Reached XP level 12. HP: 38/103 MP: 25/27
 18103 | Lair:2   | Noticed Sonja
 19627 | Lair:2   | Killed Sonja
 20430 | Lair:2   | Reached skill level 12 in Spellcasting
 21971 | Lair:3   | Noticed a six-headed hydra
 22903 | Lair:3   | Got a wavering glass ring
 22904 | Lair:3   | Identified the ring "Kaumuk" {rC+ Slay+6} (You found it on level 3 of the Lair of Beasts)
 22913 | Lair:3   | Noticed a six-headed hydra
 24374 | Lair:3   | Gained mutation: You can use your snake-like lower body to constrict enemies. [Naga growth]
 24374 | Lair:3   | Reached XP level 13. HP: 33/109 MP: 22/29
 26580 | Lair:4   | Found a staircase to the Shoals.
 27201 | Temple   | Entered the Ecumenical Temple
 27287 | Temple   | Fell from the grace of Gozag
 27287 | Temple   | Became a worshipper of Cheibriados the Contemplative
 28022 | D:10     | Upgraded the game from 0.18-a0-1196-g09327cf to 0.18-a0-1197-g8004e50
 28040 | D:10     | Learned a level 6 spell: Bolt of Fire
 28045 | D:10     | Learned a level 4 spell: Summon Lightning Spire
 28074 | D:9      | Identified 2 scrolls of acquirement
 28092 | D:9      | Reached * piety under Cheibriados
 29103 | Lair:4   | HP: 3/109 [four-headed hydra (5)]
 29104 | Lair:4   | Mangled by a four-headed hydra

Vault maps used:
D:1:      scummos_arrival_checkerplants, fountainhead, grunt_decor_fettered,
          minmay_misc_feat_room
D:2:      nicolae_overflow_hidden_temple, ecumenical_altar_1, first_bread
D:3:      kennysheep_generic_room_15, uniq_jessica
D:4:      kennysheep_kobold_camp, uniq_blork_the_orc, uniq_robin
D:5:      minmay_temple_entry_hall, uniq_eustachio, uniq_sigmund
D:6:      minmay_overflow_temple_star_hex, grunt_gozag_statues
D:7:      johnstein_pakellas_shop
D:8:      special_room
D:9:      marbit_many_paths, minmay_lair_entry_grove, uniq_prince_ribbit1
D:10:     serial_curves, eino_curves_01, eino_curves_02
Temple:   circular_temple_12
Lair:1:   minivault_29
Lair:2:   uniq_sonja
Lair:4:   shoals_dummy_entry, grunt_forest_small_clearing_treed

Action                   |  1- 3 |  4- 6 |  7- 9 | 10-12 | 13-15 || total
-------------------------+-------+-------+-------+-------+-------++-------
Melee: Dagger            |    22 |    55 |    94 |   598 |   139 ||   908
       Unarmed           |     1 |       |       |       |       ||     1
 Fire: Hunting sling     |       |    15 |   233 |   198 |    24 ||   470
       Blowgun           |       |    18 |       |     6 |       ||    24
Throw: Stone             |       |       |       |     7 |       ||     7
 Cast: Magic Dart        |    48 |   107 |   175 |   290 |    76 ||   696
       Call Imp          |       |     5 |    17 |    36 |    12 ||    70
       Conjure Flame     |       |     4 |    40 |    80 |    13 ||   137
       Sting             |       |       |   151 |   316 |    29 ||   496
       Slow              |       |       |     2 |     1 |     3 ||     6
       Mephitic Cloud    |       |       |     4 |    27 |     9 ||    40
       Repel Missiles    |       |       |       |     2 |       ||     2
       Swiftness         |       |       |       |     2 |       ||     2
       Bolt of Fire      |       |       |       |       |     1 ||     1
Invok: Potion Petition   |       |     1 |       |     2 |       ||     3
       Call Merchant     |       |       |       |     1 |       ||     1
       Bend Time         |       |       |       |       |     1 ||     1
 Abil: Spit Poison       |    22 |    33 |    25 |    27 |       ||   107
       Breathe Poison Ga |       |       |       |    62 |    12 ||    74
Evoke: Wand              |       |       |     1 |    21 |     1 ||    23
  Use: Scroll            |       |     1 |     7 |     4 |     8 ||    20
       Potion            |       |     1 |     1 |     8 |     2 ||    12
 Stab: Sleeping          |     1 |     3 |     2 |     5 |       ||    11
       Distracted        |       |     2 |       |     3 |     1 ||     6
       Confused          |       |       |       |     1 |     1 ||     2
  Eat: Chunk             |     2 |       |       |       |     2 ||     4
       Bread ration      |       |     2 |     1 |     4 |     1 ||     8
       Meat ration       |       |       |     2 |     4 |     1 ||     7
       Royal jelly       |       |       |     1 |       |       ||     1
       Fruit             |       |       |     3 |     6 |       ||     9
       Beef jerky        |       |       |       |     2 |       ||     2
       Pizza             |       |       |       |     1 |       ||     1
